 Dungeon Crawl Stone Soup version 0.25.1-2-g60ff931df9 (webtiles) character file.

Game seed: 3956899012507129445

1321 ubername the Basher (level 8, -6/71 HPs)
             Began as a Minotaur Berserker on Nov 24, 2020.
             Was a Priest of Trog.
             Mangled by Maggie
             ... wielding a +0 broad axe of flaming
              (13 damage)
             ... on level 6 of the Dungeon.
             The game lasted 00:06:39 (5895 turns).

ubername the Basher (Minotaur Berserker)            Turns: 5895, Time: 00:06:39

Health: -6/71      AC:  6    Str: 23    XL:     8   Next: 33%
Magic:  7/7        EV: 13    Int:  5    God:    Trog [***...]
Gold:   240        SH:  0    Dex: 10    Spells: 7/7 levels left

rFire    . . .     SeeInvis .   q - +0 flail
rCold    . . .     Gourm    .   (no shield)
rNeg     . . .     Faith    .   d - +0 ring mail
rPois    .         Spirit   .   (helmet restricted)
rElec    .         Reflect  .   v - scarf {repulsion}
rCorr    .         Harm     .   (no gloves)
MR       .....                  (no boots)
Stlth    +.........             (no amulet)
HPRegen  0.21/turn              (no ring)
MPRegen  0.10/turn              (no ring)

@: mesmerised, repel missiles
A: retaliatory headbutt, horns 2
a: Berserk, Trog's Hand, Renounce Religion


You were on level 6 of the Dungeon.
You worshipped Trog.
Trog was most pleased with you.
You were not hungry.

You visited 1 branch of the dungeon, and saw 6 of its levels.

You collected 240 gold pieces.

Inventory:

Hand Weapons
 a - a +0 mace
 j - a +1 dagger of venom
 q - a +0 flail (weapon)
 E - a +0 war axe
Armour
 b - a +0 animal skin
 d - a +0 ring mail (worn)
 u - a +0 pair of boots
 v - a scarf of repulsion (worn)
Jewellery
 e - a +6 ring of dexterity {unknown}
 D - an uncursed ring of flight {unknown}
Wands
 x - a wand of digging (3)
 y - a wand of polymorph (9)
Scrolls
 f - 6 scrolls of identify {unknown}
 k - a scroll of blinking {unknown}
 l - a scroll of amnesia {unknown}
 r - 2 scrolls of remove curse {unknown}
 t - a scroll of teleportation {unknown}
 B - a scroll of noise {unknown}
 C - a scroll of enchant weapon {unknown}
Potions
 g - 3 potions of curing
 h - 2 potions of brilliance {unknown}
 i - a potion of mutation {unknown}
 m - 2 potions of flight {unknown}
 n - 5 potions of heal wounds {unknown}
 o - 3 potions of haste {unknown}
 p - a potion of magic {unknown}
 s - a potion of might {unknown}
 w - a potion of stabbing {unknown}
 z - a potion of degeneration {unknown}
Comestibles
 c - 8 rations
 A - a chunk of flesh


   Skills:
 + Level 6.4 Fighting
 + Level 8.0 Maces & Flails
 + Level 7.0 Armour
 + Level 4.7 Dodging
 + Level 1.2 Stealth


You had 7 spell levels left.
You didn't know any spells.
Your spell library was empty.

Dungeon Overview and Level Annotations

Branches:
Dungeon (6/15)             Temple (0/1) D:5

Altars:
Dithmenos
Gozag
Okawaru
Qazlal
Wu Jian
Yredelemnul
The Shining One

Annotations:
D:6 Maggie


Innate Abilities, Weirdness & Mutations

You reflexively headbutt those who attack you in melee.
You have a pair of horns on your head.


Message History

You are too mesmerised to rage.
You barely miss Maggie.
Maggie is severely wounded.
The kobold closely misses you. Maggie barely misses you.
You furiously retaliate!
You headbutt Maggie. The kobold completely misses you.
You are too mesmerised to rage.
You bludgeon Maggie!!
Maggie is almost dead.
The kobold hits you but does no damage. Maggie casts a spell at you.
The bolt of fire hits you!
* * * LOW HITPOINT WARNING * * *
The kobold completely misses you.
You hear a shout!
You closely miss Maggie. Your headbutt misses Maggie.
Maggie is almost dead.
The kobold hits you but does no damage.
Maggie smiles, but it's obviously fake.
Maggie hits you with a +0 broad axe of flaming!
You die...

. ... .... ..... .....#
......#######
......K@....# ##
......K@(#### #.
########.# ##. #.# #..
######)##### ##..
#####..........## ###...
#...............#####..##.
#................##..####.
#..................### ##


You could see Maggie (mesmerising) and 2 kobolds.

Vanquished Creatures
  Pikel (D:4)
  A centaur (D:5)
  Blork the orc (D:4)
  A bullfrog (D:6)
  2 scorpions
  A howler monkey (D:6)
  2 crimson imps (D:5)
  A hound (D:4)
  2 orc priests
  An orc wizard (D:4)
  6 worker ants
  7 adders
  2 shadow imps (D:6)
  2 adder zombies (D:5)
  An adder skeleton (D:6)
  2 worms
  A dart slug (D:1)
  2 leopard geckos
  9 orcs
  9 bats
  4 giant cockroaches
  3 goblins
  7 hobgoblins
  3 jackals (D:5)
  10 kobolds
  A quokka (D:5)
  A ball python (D:1)
  4 frilled lizards
  A giant cockroach zombie (D:5)
  8 rats
96 creatures vanquished.

Vanquished Creatures (others)
  4 toadstools (D:6)
4 creatures vanquished.

Grand Total: 100 creatures vanquished

Notes
Turn   | Place    | Note
-------+----------+-------------------------------------------
     0 | D:1      | ubername the Minotaur Berserker began the quest for the
                  | Orb.
     0 | D:1      | Reached XP level 1. HP: 19/19 MP: 0/0
   470 | D:1      | Reached skill level 4 in Maces & Flails
   470 | D:1      | Reached XP level 2. HP: 27/27 MP: 1/1
   977 | D:2      | Reached XP level 3. HP: 28/33 MP: 2/2
   990 | D:2      | Reached ** piety under Trog
  1612 | D:2      | Reached XP level 4. HP: 20/41 MP: 3/3
  2245 | D:3      | Found an opulent altar of Gozag.
  2423 | D:3      | Found a basalt altar of Yredelemnul.
  2602 | D:3      | Found an iron altar of Okawaru.
  2654 | D:4      | Reached skill level 5 in Maces & Flails
  2654 | D:4      | Reached XP level 5. HP: 40/47 MP: 4/4
  2951 | D:4      | Reached XP level 6. HP: 37/55 MP: 5/5
  2957 | D:4      | Reached skill level 5 in Fighting
  3299 | D:4      | Noticed a slave
  3300 | D:4      | Noticed a slave
  3301 | D:4      | Noticed Pikel
  3301 | D:4      | Noticed a slave
  3303 | D:4      | Noticed a slave
  3323 | D:4      | Killed Pikel
  3323 | D:4      | Reached skill level 6 in Maces & Flails
  3323 | D:4      | Reached XP level 7. HP: 6/62 MP: 6/6
  4078 | D:4      | Reached skill level 1 in Stealth
  4089 | D:4      | Noticed Blork the orc
  4103 | D:4      | Killed Blork the orc
  4642 | D:5      | Entered Level 5 of the Dungeon
  4643 | D:5      | Found a staircase to the Ecumenical Temple.
  4779 | D:5      | Found a glowing golden altar of the Shining One.
  4814 | D:5      | Reached *** piety under Trog
  4824 | D:5      | Reached skill level 7 in Maces & Flails
  4897 | D:5      | Reached XP level 8. HP: 27/70 MP: 7/7
  5095 | D:5      | Found an ornate altar of the Wu Jian Council.
  5322 | D:5      | Found a shadowy altar of Dithmenos.
  5566 | D:6      | Found a stormy altar of Qazlal.
  5800 | D:6      | Reached skill level 8 in Maces & Flails
  5880 | D:6      | Noticed Maggie
  5895 | D:6      | Mangled by Maggie

Illustrated notes

Levels and vault maps discovered:
D:1:      evilmike_arrival_hilbert_curve, layout_basic,
          minmay_shallow_snake_nest
D:2:      layout_rooms, minmay_misc_feat_nine_boxes
D:3:      layout_rooms, lemuel_coloured_pillars_altar, lemuel_doored_altar,
          nicolae_overflow_hidden_temple
D:4:      layout_basic, first_ration, uniq_pikel, uniq_blork_the_orc
D:5:      layout_basic, kennysheep_mini, nicolae_overflow_crystal_walls,
          minmay_temple_entry_trees, ebering_dispersal_statue_hall,
          grunt_dithmenos_smoke
D:6:      cheibrodos_fertilizer, layout_cave_pods,
          chequers_temple_overflow_statue_of_worship, minivault_1,
          grunt_qazlal_clouds, uniq_maggie

Skill      XL: |  1  2  3  4  5  6  7  8 |
---------------+-------------------------+-----
Maces & Flails | 4 5 6 7 8 |  8.0
Fighting       | 4 5 6 |  6.4
Armour         | 3 4 6 7 |  7.0
Dodging        | 3 4 |  4.7
Stealth        | 1 |  1.2

Action                   |  1- 3 |  4- 6 |  7- 9 || total
-------------------------+-------+-------+-------++-------
Melee: Mace              |    80 |    24 |       ||   104
       Headbutt          |     7 |    14 |    16 ||    37
       Flail             |       |    50 |   128 ||   178
Invok: Berserk           |       |     3 |     3 ||     6
  Eat: Chunk             |     2 |     7 |     9 ||    18
       Ration            |       |       |     1 ||     1
Armor: Ring mail         |    48 |    28 |    32 ||   108
Dodge: Dodged            |    75 |    55 |    84 ||   214
       Repelled          |       |       |     1 ||     1
